[Event "Live Chess"]
[Site "Chess.com"]
[Date "2023.05.21"]
[Round "-"]
[White "Doge_Dandolo"]
[Black "Hacker_2009"]
[Result "1-0"]
[WhiteElo "1918"]
[BlackElo "1937"]
[TimeControl "300"]
[EndTime "5:35:52 PDT"]
[Termination "Doge_Dandolo won by resignation"]

1. Nf3 Nf6 2. c4 e6 3. g3 Be7 4. Bg2 d5 5. O-O O-O 6. d4 b6 7. cxd5 Nxd5 8. e4 Nf6 9. Nc3 Bb7 10. Qc2 c5 11. Rd1 cxd4 12. Nxd4 Qc7 13. Bf4 e5 14. Ndb5 Qc5 15. Be3 Qc8 16. Rac1 a6 17. Nd6 Bxd6 18. Rxd6 Nc6 19. Bxb6 Ne7 20. Rcd1 Ng6 21. f3 Qc4 22. Bf1 Qb4 23. a3 1-0

[Event "Live Chess"]
[Site "Chess.com"]
[Date "2023.05.21"]
[Round "-"]
[White "PantherCal"]
[Black "NotHarryV"]
[Result "1-0"]
[WhiteElo "1779"]
[BlackElo "1505"]
[TimeControl "300"]
[EndTime "5:35:54 PDT"]
[Termination "PantherCal won by resignation"]

1. e4 c6 2. d4 d5 3. e5 c5 4. dxc5 e6 5. a3 Nc6 6. Nf3 a5 7. c4 Bxc5 8. Nc3 Nge7 9. Bg5 d4 10. Nb5 a4 11. Bd3 Qd7 12. O-O h6 13. Bf4 Nf5 14.
Qc2 O-O 15. Rad1 b6 16. Rd2 Ba6 17. Rfd1 Bxb5 18. cxb5 Qc7 19. bxc6 Qxc6 20. Be4 Qc7 21. Bxa8 1-0

[Event "Live Chess"]
[Site "Chess.com"]
[Date "2023.05.21"]
[Round "-"]
[White "mattihelenius2"]
[Black "yarek"]
[Result "0-1"]
[WhiteElo "491"]
[BlackElo "1868"]
[TimeControl "300"]
[EndTime "5:36:09 PDT"]
[Termination "yarek won by resignation"]

1. d4 c6 2. c4 d5 3. Nf3 g6 4. c5 Bg7 5. Bg5 h6 6. Bf4 Nf6 7.
Bxb8 Rxb8 8. Nc3 O-O 9. e3 Bg4 10. h3 Bxf3 11. Qxf3 Re8 12. Bd3 e5 13. e4 exd4 14. Ne2 dxe4 15. Bxe4 Nxe4 16. Nxd4 Ng5+ 17. Qe2 Rxe2+ 18. Kxe2 0-1

[Event "Live Chess"]
[Site "Chess.com"]
[Date "2023.05.21"]
[Round "-"]
[White "mach247"]
[Black "DoYouLikeCurry"]
[Result "0-1"]
[WhiteElo "1345"]
[BlackElo "1441"]
[TimeControl "300"]
[EndTime "5:36:11 PDT"]
[Termination "DoYouLikeCurry won by resignation"]

1. e4 c6 2. d4 d5 3. exd5 cxd5 4. Nf3 Nf6 5. Bd3 g6 6. O-O Bg7 7. Nbd2 O-O 8. c3 Bg4 9. Re1 e6 10. h3 Bxf3 11. Nxf3 Qb6 12. b3 Nc6 13. Be3 Rac8 14. c4 Qc7 15. Rc1 Qd7 16. Ne5 Qc7 17. Qd2 Nxe5 18.
dxe5 Nd7 19. Bf4 Bxe5 20. Bxe5 Nxe5 21. cxd5 Qd6 22. Rxc8 Rxc8 23. Rxe5 Qxe5 24. dxe6 Qxe6 25. Bc4 Qe8 26. Qf4 Rd8 27. Qf3 Qd7 28. Qf6 Qd1+ 29.
Kh2 Qd6+ 30. Qxd6 Rxd6 31. a4 Rd2 32. Kg3 Kf8 33. f3 Ke7 34. Kg4 Rxg2+ 35. Kf4 Rc2 36. Kg4 Rc3 37. h4 Kd6 38. f4 f5+ 39. Kg5 Rg3+ 40.
Kh6 Rg4 41. Kxh7 Rxh4+ 42. Kxg6 Rxf4 43. Kg5 Rf2 44. Kh4 a6 45. Kg3 Rc2 46. Kf4 Rxc4+ 47. bxc4 Kc5 48. Kxf5 Kxc4 49. Ke4 Kb3 50. Kd4 Kxa4 0-1

[Event "Live Chess"]
[Site "Chess.com"]
[Date "2023.05.21"]
[Round "-"]
[White "Leonid_Starozhilov"]
[Black "luckywookie"]
[Result "1-0"]
[WhiteElo "2633"]
[BlackElo "797"]
[TimeControl "300"]
[EndTime "5:36:12 PDT"]
[Termination "Leonid_Starozhilov won by checkmate"]

1. e4 c6 2. c4 e5 3. Nf3 d6 4. d4 Bg4 5. dxe5 Bxf3 6. gxf3 dxe5 7. Qxd8+ Kxd8 8. f4 Bc5 9. fxe5 Nd7 10. f4 Ne7 11. Nc3 Ng6 12. Bh3 f6 13. e6 Nb6 14.
b3 Ke7 15. Bd2 Rad8 16. O-O-O Ba3+ 17. Kc2 Nh4 18. Rhf1 g6 19. f5 g5 20. Bxg5 fxg5 21. f6+ Kf8 22. e7+ Kf7 23. Rxd8 Rxd8 24. exd8=Q Kg6 25. Bg4 Ng2 26. Qg8+ Kh6 27. f7 Ne3+ 28. Kd3 Nxf1 29.
f8=Q+ Bxf8 30. Qxf8+ Kg6 31. Qf5+ Kh6 32. Qf6# 1-0

[Event "Live Chess"]
[Site "Chess.com"]
[Date "2023.05.21"]
[Round "-"]
[White "hturner40"]
[Black "ViktorTheCoolBoy"]
[Result "0-1"]
[WhiteElo "1790"]
[BlackElo "2477"]
[TimeControl "300"]
[EndTime "5:36:12 PDT"]
[Termination "ViktorTheCoolBoy won by resignation"]

1. Nf3 d5 2. g3 Nd7 3. d4 Nb6 4. Bg2 Bf5 5. O-O e6 6. Nbd2 Nf6 7. Ne5 Bd6 8. f3 h6 9. e4 Bh7 10. Nxf7 Kxf7 11. e5 c5 12. exf6 Qxf6 13. dxc5 Bxc5+ 14. Kh1 Rac8 15. Nb3 Bd6 16. c3 h5 17. Be3 h4 18.
Bd4 Qh6 19. Qc1 h3 20. Qxh6 hxg2+ 21. Kxg2 gxh6 22. Bxh8 Rxh8 23. Rad1 Nc4 24. Rf2 Ne3+ 0-1

[Event "Live Chess"]
[Site "Chess.com"]
[Date "2023.05.21"]
[Round "-"]
[White "f4nomore"]
[Black "SupremeTactician"]
[Result "0-1"]
[WhiteElo "1402"]
[BlackElo "2248"]
[TimeControl "300"]
[EndTime "5:36:21 PDT"]
[Termination "SupremeTactician won by resignation"]

1. b3 Nf6 2. Bb2 e6 3. e3 Be7 4.
Nc3 d5 5. Nge2 c5 6. f4 Nc6 7. g3 O-O 8. Bg2 h6 9. O-O a6 10. a4 Bd7 11. d3 Rc8 12. Bc1 Nb4 13. Ba3 a5 14. Bxb4 axb4 15. Nb5 Bxb5 16. axb5 Qb6 17. d4 c4 18. bxc4 Rxc4 19. Nc1 Rfc8 20. Nd3 Rxc2 21.
Nxb4 Bxb4 22. Rb1 Bd6 23. Qd3 R8c3 24. Qd1 Ra2 25. f5 Rcc2 26. Bh1 Rxh2 27. fxe6 fxe6 28.
Qf3 Rh3 29. Bg2 Rxg3 0-1

[Event "Live Chess"]
[Site "Chess.com"]
[Date "2023.05.21"]
[Round "-"]
[White "Pandreq"]
[Black "RockTroll"]
[Result "0-1"]
[WhiteElo "1216"]
[BlackElo "2225"]
[TimeControl "300"]
[EndTime "5:36:25 PDT"]
[Termination "RockTroll won by resignation"]

1. d4 Nf6 2. c4 g6 3. Nc3 d5 4. cxd5 Nxd5 5. e4 Nxc3 6. bxc3 c5 7.
Nf3 Bg7 8. Be3 O-O 9. Bc4 Bg4 10. e5 Qa5 11. Rc1 cxd4 12. Bxd4 Nc6 13. O-O Nxe5 14. Bxe5 Bxe5 15. Qd3 Bxf3 16. Qxf3 Bxh2+ 17. Kxh2 Qc7+ 18. Kg1 Qxc4 19. Qxb7 Qxa2 20. Qxe7 a5 21. Qe5 a4 22.
Ra1 Qc4 23. Rfd1 a3 24. Qd4 Qxd4 25. Rxd4 Rfc8 26. c4 Ra4 27. f3 h5 28. Kf2 Kg7 29.
Ke3 a2 30. Rd2 Rca8 31. c5 Kf6 32. c6 Ke5 33. c7 Ra3+ 34. Ke2 Rc3 35. Rdxa2 Rxa2+ 36. Rxa2 Rxc7 37. Ra5+ Kf4 38. Kd2 Rb7 39. Kc2 f5 40.
Ra4+ Kg3 41. Ra6 Rg7 42. Ra2 Kxg2 43. Kd3+ Kxf3 44. Re2 h4 45. Re3+ Kg4 46. Ke2 g5 47. Kf2 f4 48. Rf3 Ra7 49. Kg2 Ra2+ 50. Rf2 Rxf2+ 51. Kxf2 Kf5 52. Kf3 g4+ 53. Kg2 Ke4 54. Kf2 Kd3 55. Kg2 Ke3 56. Kh2 0-1

[Event "Live Chess"]
[Site "Chess.com"]
[Date "2023.05.21"]
[Round "-"]
[White "LL220284LL"]
[Black "onemoretime1975"]
[Result "0-1"]
[WhiteElo "2271"]
[BlackElo "1875"]
[TimeControl "300"]
[EndTime "5:36:41 PDT"]
[Termination "onemoretime1975 won by checkmate"]

1. c4 e6 2. g3 d5 3. Bg2 c6 4. b3 Nf6 5. Bb2 Be7 6. Nf3 O-O 7.
O-O Ne4 8. d3 Ng5 9. Nbd2 Nxf3+ 10. Nxf3 Bf6 11. d4 Nd7 12. Qc2 g6 13. Rad1 Bg7 14. Nd2 Nf6 15. e4 dxe4 16. Nxe4 Nxe4 17. Bxe4 Qc7 18. h4 a5 19. h5 a4 20. hxg6 hxg6 21.
b4 a3 22. Bc3 b5 23. c5 Rd8 24. Qe2 e5 25. dxe5 Rxd1 26. Qxd1 Be6 27. f4 Bxa2 28.
Qf3 Ra6 29. Ra1 Bc4 30. Qe3 Ra7 31. Kf2 a2 32. Qf3 Ra3 33. Qe3 Qd7 34. Qd2 Qh3 35. Rh1 Qc8 36. Ba1 Qg4 37. Qd8+ Bf8 38. Rg1 Qe2# 0-1

[Event "Live Chess"]
[Site "Chess.com"]
[Date "2023.05.21"]
[Round "-"]
[White "JoeyCage"]
[Black "whatnot126"]
[Result "1-0"]
[WhiteElo "2253"]
[BlackElo "2058"]
[TimeControl "300"]
[EndTime "5:36:45 PDT"]
[Termination "JoeyCage won by resignation"]

1. e4 d6 2. d4 Nf6 3. Nc3 g6 4. Nf3 Bg7 5. h3 O-O 6. Bc4 Nxe4 7. Nxe4 d5 8. Bd3 dxe4 9. Bxe4 c5 10. dxc5 Qc7 11.
O-O Qxc5 12. Qe2 e5 13. c3 Na6 14. Rd1 Be6 15. Be3 Qe7 16. Qb5 Rab8 17. Bxa7 Ra8 18. Be3 f5 19. Bd5 f4 20. Bb6 h6 21. Bxe6+ Qxe6 22. Qd5 Qxd5 23. Rxd5 e4 24. Nd4 Rae8 25. Ne6 Rxe6 26.
Bd4 Bxd4 27. Rxd4 e3 28. Re1 Nc5 29. a4 exf2+ 30. Kxf2 g5 31. a5 Rfe8 32. Rxe6 Rxe6 33.
b4 Ne4+ 34. Kf3 Nxc3 35. Rd7 Re3+ 36. Kf2 Re2+ 37. Kf1 Rb2 38. Rxb7 Nd5 39. b5 h5 40. a6 Ne3+ 41. Ke1 Nxg2+ 42. Kd1 Ne3+ 43. Kc1 Rc2+ 44. Kb1 f3 45. a7 Rc8 46. Rb8 Rxb8 47. axb8=Q+ Kg7 48. Qe5+ 1-0

[Event "Live Chess"]
[Site "Chess.com"]
[Date "2023.05.21"]
[Round "-"]
[White "Long1968"]
[Black "MJMykh"]
[Result "1-0"]
[WhiteElo "969"]
[BlackElo "1152"]
[TimeControl "300"]
[EndTime "5:36:46 PDT"]
[Termination "Long1968 won by checkmate"]

1. e4 e5 2. f4 exf4 3. Bc4 Nc6 4. Nf3 Nf6 5. d4 h6 6. Bxf4 Bb4+ 7. c3 Be7 8. e5 Nh5 9. Qd2 Nxf4 10. Qxf4 O-O 11. O-O d5 12. exd6 Bxd6 13. Ne5 Bxe5 14. Bxf7+ Kh7 15. dxe5 Be6 16. Qe4+ g6 17. Qxg6+ Kh8 18. Qxh6# 1-0

[Event "Live Chess"]
[Site "Chess.com"]
[Date "2023.05.21"]
[Round "-"]
[White "friarnator"]
[Black "CheckThis4"]
[Result "0-1"]
[WhiteElo "2017"]
[BlackElo "2515"]
[TimeControl "300"]
[EndTime "5:36:55 PDT"]
[Termination "CheckThis4 won by resignation"]

1. e4 d5 2. exd5 Nf6 3. Bb5+ Nbd7 4. c4 a6 5. Ba4 e6 6. dxe6 fxe6 7. d4 Bb4+ 8. Nc3 b5 9. Bb3 Nb6 10. cxb5 Nbd5 11. Bd2 O-O 12. Nf3 axb5 13. O-O Bxc3 14. bxc3 Bb7 15. Qe2 Ra6 16. Qxb5 Rb6 17. Qe2 Nh5 18.
c4 Ndf4 19. Bxf4 Nxf4 20. Qe5 Bxf3 21. gxf3 Rf5 22. Qxf5 exf5 23. Kh1 Rh6 24. c5+ Kf8 0-1

[Event "Live Chess"]
[Site "Chess.com"]
[Date "2023.05.21"]
[Round "-"]
[White "LiamBellwood"]
[Black "TheSmoulderingMaster"]
[Result "1-0"]
[WhiteElo "1923"]
[BlackElo "1637"]
[TimeControl "300"]
[EndTime "5:37:06 PDT"]
[Termination "LiamBellwood won by resignation"]

1. d4 Nf6 2. Nc3 g6 3. Bf4 d6 4. Qd2 Bg7 5. e4 O-O 6. Bh6 c6 7. h4 b5 8. f3 b4 9. Nce2 Ba6 10. h5 Nbd7 11. hxg6 fxg6 12. Bxg7 Kxg7 13. Qh6+ Kf7 14. Nh3 Ke8 15. Ng5 e5 16. Ne6 Qe7 17. Nxf8 Qxf8 18.
Qxf8+ Kxf8 19. dxe5 Nxe5 20. O-O-O Bb5 21. Nd4 Bxf1 22.
Rhxf1 c5 23. Nb5 a5 24. Rxd6 Ke7 25. Rfd1 Rb8 26. Na7 Rb7 27. Nc6+ Nxc6 28. Rxc6 Rb5 29. b3 Nd7 30. Rc7 1-0

[Event "Live Chess"]
[Site "Chess.com"]
[Date "2023.05.21"]
[Round "-"]
[White "GwaryTek"]
[Black "Biranidun"]
[Result "0-1"]
[WhiteElo "2061"]
[BlackElo "2524"]
[TimeControl "300"]
[EndTime "5:37:15 PDT"]
[Termination "Biranidun won on time"]

1. d4 Nf6 2. c4 g6 3. Nc3 Bg7 4. e4 d6 5. Nge2 O-O 6. Ng3 c5 7. d5 e6 8. f3 exd5 9. cxd5 a6 10. a4 h5 11. Bd3 h4 12. Nge2 Nbd7 13. Bg5 h3 14. g3 Ne5 15. O-O c4 16. Bc2 Qb6+ 17.
Qd4 Qxb2 18. Ra2 Qb4 19. a5 Nfd7 20. Qd2 Qc5+ 21. Be3 Qc7 22. Nf4 Nc5 23. g4 Bd7 24. Nxh3 Nb3 25. Qf2 Nd3 26. Qh4 f6 27. Bb6 Qc8 28. Ne2 g5 29. Qg3 Qe8 30. Qxd6 Qe5 31. Qxe5 Nxe5 0-1

[Event "Live Chess"]
[Site "Chess.com"]
[Date "2023.05.21"]
[Round "-"]
[White "grillage"]
[Black "garyjc"]
[Result "1-0"]
[WhiteElo "1796"]
[BlackElo "1040"]
[TimeControl "300"]
[EndTime "5:37:16 PDT"]
[Termination "grillage won by resignation"]

1. d4 Nf6 2. Nc3 g6 3. Bf4 Bg7 4. e4 O-O 5. e5 Nh5 6. Bd2 d6 7. g4 Bxg4 8. Qxg4 dxe5 9. dxe5 Bxe5 10. O-O-O Nd7 11. Bh6 Bg7 12. Bxg7 Kxg7 13. Qxd7 Qxd7 14.
Rxd7 Nf4 15. Rxe7 Rfe8 16. Rxe8 Rxe8 17. Nge2 Nxe2+ 18. Bxe2 1-0

[Event "Live Chess"]
[Site "Chess.com"]
[Date "2023.05.21"]
[Round "-"]
[White "YrrriKharkiv"]
[Black "Anirudh_23"]
[Result "1-0"]
[WhiteElo "2072"]
[BlackElo "1886"]
[TimeControl "300"]
[EndTime "5:37:20 PDT"]
[Termination "YrrriKharkiv won by resignation"]

1. d4 Nf6 2. c4 g6 3. Nc3 d5 4.
Qb3 dxc4 5. Qxc4 Bg7 6. Nf3 O-O 7. e4 b6 8. Qb3 Bb7 9. Bd3 Nc6 10. Be3 Ng4 11.
Ne2 Nxe3 12. fxe3 e5 13. d5 Ne7 14. O-O f5 15. d6+ 1-0

[Event "Live Chess"]
[Site "Chess.com"]
[Date "2023.05.21"]
[Round "-"]
[White "seasidecastle27"]
[Black "davigator"]
[Result "0-1"]
[WhiteElo "1888"]
[BlackElo "2316"]
[TimeControl "300"]
[EndTime "5:37:40 PDT"]
[Termination "davigator won by checkmate"]

1. d4 Nf6 2. Nf3 e6 3. Bg5 c5 4. Nbd2 d5 5. e3 Qb6 6. Bd3 Qxb2 7. O-O c4 8. Be2 Qb6 9. Ne5 Nbd7 10. f4 Bd6 11. c3 Qc7 12. Bf3 Nf8 13. Bh4 Ng6 14. Bg3 Bd7 15. Rb1 Bc6 16. Nxc6 bxc6 17. e4 Bxf4 18. exd5 exd5 19. Re1+ Kf8 20. Bxf4 Nxf4 21.
Qa4 g6 22. Qa6 Kg7 23. Rb7 Qd6 24. Rxa7 Rxa7 25. Qxa7 Ne6 26. Rb1 Rf8 27. Nf1 h5 28.
Rb6 g5 29. Qa6 g4 30. Bd1 Nd8 31. Ba4 Ne4 32. Bxc6 Nxc3 33. Ba4 Qf4 34. Bc2 Ne2+ 35. Kh1 Qxf1# 0-1

[Event "Live Chess"]
[Site "Chess.com"]
[Date "2023.05.21"]
[Round "-"]
[White "Conradical12"]
[Black "raminguy"]
[Result "0-1"]
[WhiteElo "1572"]
[BlackElo "1957"]
[TimeControl "300"]
[EndTime "5:37:44 PDT"]
[Termination "raminguy won by resignation"]

1. e4 e5 2. Nf3 Nc6 3. Bc4 Bc5 4.
d3 Nf6 5. c3 O-O 6. Nbd2 d5 7.
exd5 Nxd5 8. a4 a5 9. O-O Be6 10. Re1 Rb8 11. Ne4 Ba7 12. Qb3 h6 13. Bd2 Kh7 14.
Rad1 f5 15. Ng3 f4 16. Ne4 g5 17. Bxd5 Bxd5 18. c4 Bg8 19. Bc3 Nd4 20. Bxd4 Bxd4 21.
Nxd4 Qxd4 22. Qb5 c6 23. Qxa5 g4 24. Qc7+ Bf7 25. Nf6+ Kg7 26. Nd7 Rbc8 27. Qxe5+ Qxe5 28. Rxe5 Rfd8 29. Re7 Rc7 30. Rxf7+ Kxf7 31. Ne5+ Kg7 32.
Nxg4 Rcd7 33. Ne5 Re7 34. Re1 Rde8 35. Kf1 Rxe5 0-1

[Event "Live Chess"]
[Site "Chess.com"]
[Date "2023.05.21"]
[Round "-"]
[White "Ian-Morley"]
[Black "diana21strabt"]
[Result "0-1"]
[WhiteElo "1052"]
[BlackElo "1753"]
[TimeControl "300"]
[EndTime "5:37:46 PDT"]
[Termination "diana21strabt won by resignation"]

1. e4 d5 2. exd5 Qxd5 3. Nc3 Qa5 4. d4 Nf6 5. g3 Bg4 6. Be2 Bxe2 7. Nxe2 Nc6 8. Qd3 O-O-O 9. Qb5 Qxb5 10. Nxb5 a6 11. Nbc3 Nxd4 12. Nxd4 Rxd4 13. Be3 Rd7 14. Ke2 e6 15. Rhd1 Bb4 16. Rxd7 Kxd7 17. a3 Bxc3 18. bxc3 Rd8 19. Rd1+ Kc8 20. Rxd8+ Kxd8 21. Bg5 Kd7 22. Bc1 Nd5 23. c4 Nb6 24. c5 Nc4 25. Kd3 Ne5+ 26.
Kd4 Ng4 27. h4 Nxf2 28. Be3 Ng4 29. Bg1 Kc6 30. c4 f5 31. h5 e5+ 32. Kc3 Nf6 33.
Bh2 Nxh5 34. g4 fxg4 35. Bxe5 g3 36. Bd4 Nf4 37. Bg1 Ne2+ 38. Kb4 Nxg1 0-1

[Event "Live Chess"]
[Site "Chess.com"]
[Date "2023.05.21"]
[Round "-"]
[White "MovebyMove"]
[Black "chessfiction"]
[Result "1-0"]
[WhiteElo "2474"]
[BlackElo "2302"]
[TimeControl "300"]
[EndTime "5:37:54 PDT"]
[Termination "MovebyMove won by resignation"]

1. c4 d5 2. cxd5 c6 3. dxc6 e5 4. Nc3 Bc5 5. e3 Nxc6 6. Nf3 Nf6 7. a3 e4 8. Ng5 Qe7 9. d3 exd3 10. Bxd3 O-O 11.
O-O Bg4 12. Qc2 h6 13. Nh7 Rfd8 14. Nxf6+ Qxf6 15. Ne4 Qh4 16. Nxc5 Ne5 17. Be2 Rac8 18. b4 Rd6 19. Bb2 Bxe2 20. Qxe2 Ng4 21. h3 Nf6 22.
Rad1 Nd5 23. Rd4 Qh5 24. Qxh5 1-0

[Event "Live Chess"]
[Site "Chess.com"]
[Date "2023.05.21"]
[Round "-"]
[White "bedsdrout"]
[Black "HoarseyHorsey"]
[Result "1-0"]
[WhiteElo "688"]
[BlackElo "1467"]
[TimeControl "300"]
[EndTime "5:37:55 PDT"]
[Termination "bedsdrout won by resignation"]

1. e4 c5 2. Nc3 Nc6 3. Nf3 e6 4. Be2 d5 5. exd5 exd5 6. d4 Nf6 7. O-O Bd6 8. Bg5 O-O 9. h3 Be6 10. b3 h6 11. dxc5 Bxc5 12. Bxf6 Qxf6 13. Nxd5 Bxd5 14.
Qxd5 Bxf2+ 15. Kxf2 Rad8 16. Qc5 Rfe8 17. Rad1 Ne5 18.
Rxd8 Rxd8 19. Qxe5 Qb6+ 20. Qe3 Qf6 21. Kg1 Kf8 22. Ne5 Qe6 23. Bc4 Qd6 24. Rxf7+ Kg8 25. Rxb7+ Kh8 26. Nf7+ 1-0

[Event "Live Chess"]
[Site "Chess.com"]
[Date "2023.05.21"]
[Round "-"]
[White "MartynColebrook"]
[Black "1600x"]
[Result "0-1"]
[WhiteElo "965"]
[BlackElo "1873"]
[TimeControl "300"]
[EndTime "5:38:03 PDT"]
[Termination "1600x won by checkmate"]

1. e4 Nc6 2. Nf3 e5 3. d4 exd4 4. Nxd4 d5 5. exd5 Qxd5 6. Be3 Nxd4 7. Qxd4 Ne7 8. Nc3 Qxd4 9. Bxd4 c6 10. Bc4 Bg4 11. f3 Be6 12. Bxe6 fxe6 13. O-O-O h5 14. Rde1 Rh6 15. g4 hxg4 16. fxg4 O-O-O 17. h4 Rxd4 18. Ne4 Nd5 19. g5 Rh8 20. Nd6+ Bxd6 21. Rxe6 Bf4+ 22.
Kb1 Rxh4 23. Rxh4 Rd1# 0-1

[Event "Live Chess"]
[Site "Chess.com"]
[Date "2023.05.21"]
[Round "-"]
[White "jumush"]
[Black "romchyk1219"]
[Result "1-0"]
[WhiteElo "1741"]
[BlackElo "646"]
[TimeControl "300"]
[EndTime "5:38:19 PDT"]
[Termination "jumush won by resignation"]

1. e4 d6 2. d4 Nf6 3. Nc3 g6 4. Be3 Bg7 5. Qd2 O-O 6. Bh6 Bxh6 7. Qxh6 Nc6 8. O-O-O b6 9. h4 Bb7 10. Be2 Nb4 11.
h5 gxh5 12. Bxh5 Nxa2+ 13. Nxa2 Bxe4 14. Bf3 Bg6 15. Ne2 Qd7 16. Nf4 Bf5 17. Bxa8 Qa4 18. Qg5+ Bg6 19. Nxg6 hxg6 20. Kb1 Qxd4 21. Rxd4 c5 22.
Rdh4 Nh7 23. Rxh7 1-0

[Event "Live Chess"]
[Site "Chess.com"]
[Date "2023.05.21"]
[Round "-"]
[White "wot-not"]
[Black "CrypticF1"]
[Result "1-0"]
[WhiteElo "1536"]
[BlackElo "446"]
[TimeControl "300"]
[EndTime "5:38:22 PDT"]
[Termination "wot-not won by checkmate"]

1. e4 c5 2. Bc4 d6 3. Qh5 g6 4.
Qf3 f6 5. d4 cxd4 6. Ne2 f5 7.
exf5 gxf5 8. Qh5+ Kd7 9. Nxd4 Nc6 10. Ne6 Nf6 11. Qxf5 Nd4 12. Nxd8+ Kxd8 13. Qa5+ Kd7 14. O-O Nxc2 15. Bb5+ Ke6 16. Nc3 Nxa1 17. Re1+ Kf7 18. Bc4+ Ke8 19. Qa4+ Bd7 20. Bb5 Bxb5 21. Qxb5+ Kf7 22.
Qxb7 Bg7 23. Rxe7+ Kg6 24. Rxg7+ Kf5 25. Qf3+ Ke6 26.
Qe2+ Kf5 27. g4+ Nxg4 28. Qxg4+ Kf6 29. Qg5+ Ke6 30. Be3 Nc2 31. Qe7+ Kf5 32. Qe4+ Kf6 33. Bd4+ Nxd4 34. Qxd4+ Ke6 35. Qd5+ Kf6 36. Qf7+ Ke5 37. f4+ Kd4 38. Qd5+ Ke3 39. Re7+ Kxf4 40. Qe4+ Kg5 41. h4+ Kf6 42. Nd5# 1-0

[Event "Live Chess"]
[Site "Chess.com"]
[Date "2023.05.21"]
[Round "-"]
[White "Tiltador"]
[Black "Tushinskiy"]
[Result "0-1"]
[WhiteElo "804"]
[BlackElo "2220"]
[TimeControl "300"]
[EndTime "5:38:24 PDT"]
[Termination "Tushinskiy won by checkmate"]

1. e4 e5 2. Nf3 d6 3. d3 Bg4 4.
Be2 Nf6 5. O-O Be7 6. h3 Bh5 7. Nfd2 Bg6 8. Nc3 Nbd7 9. Nd5 Nxd5 10. exd5 O-O 11. Bf3 f5 12. Nc4 Nf6 13. b3 Qd7 14. Bb2 Rae8 15. d4 e4 16. Be2 Nxd5 17. Bh5 Bf6 18.
Bxg6 hxg6 19. Qe2 Re7 20. c3 Rfe8 21. Rae1 Nf4 22. Qd2 Nd3 23. Rd1 b5 24. Ne3 d5 25.
c4 bxc4 26. bxc4 c6 27. cxd5 cxd5 28. a3 Kh7 29. Nc2 Nxb2 30. Rb1 Nc4 31. Qb4 f4 32. Qc5 f3 33. Ne3 fxg2 34. Kxg2 Nd2 35. Nxd5 Nxb1 36. Nxf6+ gxf6 37. Rxb1 e3 38. fxe3 Rxe3 39. Rf1 Qxh3+ 40. Kg1 Rg3+ 41. Kf2 Rg2# 0-1

[Event "Live Chess"]
[Site "Chess.com"]
[Date "2023.05.21"]
[Round "-"]
[White "CheckThis4"]
[Black "TheSmoulderingMaster"]
[Result "1-0"]
[WhiteElo "2515"]
[BlackElo "1637"]
[TimeControl "300"]
[EndTime "5:38:25 PDT"]
[Termination "CheckThis4 won by resignation"]

1. d4 Nf6 2. Nc3 d6 3. e4 g6 4. Be3 Bg7 5. Qd2 O-O 6. Bh6 c5 7. Nge2 cxd4 8. Nxd4 Nc6 9. Nxc6 bxc6 10. h4 Qb6 11.
Bxg7 Kxg7 12. h5 Qb3 13. axb3 1-0

[Event "Live Chess"]
[Site "Chess.com"]
[Date "2023.05.21"]
[Round "-"]
[White "Berdgross"]
[Black "JanMur7"]
[Result "0-1"]
[WhiteElo "682"]
[BlackElo "1952"]
[TimeControl "300"]
[EndTime "5:38:27 PDT"]
[Termination "JanMur7 won by resignation"]

1. d4 Nf6 2. e4 Nxe4 3. Nc3 Nxc3 4. bxc3 d5 5. Nf3 c5 6. dxc5 Nc6 7. Bb5 Bg4 8. h3 Bxf3 9. Qxf3 e6 10. Bxc6+ bxc6 11. O-O Bxc5 12. Bb2 O-O 13. Rfd1 Be7 14. c4 Bf6 15.
Bxf6 Qxf6 16. Qxf6 gxf6 17. cxd5 cxd5 18. Rab1 Rab8 19.
Rxb8 Rxb8 20. c3 Rb2 21. a4 Ra2 22. Rb1 Rxa4 23. Rb8+ Kg7 24. f4 Rxf4 25. Rb7 Rc4 26. Rxa7 Rxc3 0-1

[Event "Live Chess"]
[Site "Chess.com"]
[Date "2023.05.21"]
[Round "-"]
[White "viktorskliarov"]
[Black "LiamClery2020"]
[Result "1-0"]
[WhiteElo "2649"]
[BlackElo "1990"]
[TimeControl "300"]
[EndTime "5:38:30 PDT"]
[Termination "viktorskliarov won by resignation"]

1. e4 Nf6 2. Nc3 e5 3. Bc4 Nc6 4. d3 Bb4 5. Bg5 O-O 6. Ne2 d6 7. O-O h6 8. Bxf6 Qxf6 9. Nd5 Qd8 10. Nxb4 Nxb4 11. c3 Nc6 12. f4 Be6 13. Bb5 Bd7 14. Ng3 exf4 15. Rxf4 Qg5 16. Bxc6 Bxc6 17. Rg4 Qc5+ 18. d4 Qa5 19. Nf5 Bxe4 20. Rxg7+ Kh8 21.
Qh5 Qxf5 22. Qxh6+ Qh7 23. Rxh7+ Bxh7 24. Qf6+ Kg8 25. Re1 Rae8 26. Rxe8 Rxe8 27. Kf2 Re6 28. Qd8+ 1-0

[Event "Live Chess"]
[Site "Chess.com"]
[Date "2023.05.21"]
[Round "-"]
[White "KeithArkell"]
[Black "Chesscoach_Golichenko"]
[Result "0-1"]
[WhiteElo "2474"]
[BlackElo "2618"]
[TimeControl "300"]
[EndTime "5:38:43 PDT"]
[Termination "Chesscoach_Golichenko won by resignation"]

1. d4 Nf6 2. Nf3 c5 3. d5 d6 4. Nc3 g6 5. e4 Bg7 6. Bb5+ Nbd7 7. a4 O-O 8. h3 a6 9. Bd3 Rb8 10. a5 b5 11. axb6 Nxb6 12. Nd2 e6 13. dxe6 Bxe6 14. Rxa6 d5 15. exd5 Nfxd5 16. Nxd5 Bxd5 17. O-O c4 18. Be4 c3 19. bxc3 Re8 20. Bxd5 Nxd5 21. Nf3 Qc8 22. Ra7 Nxc3 23. Qd7 Qxd7 24. Rxd7 Rb1 25. Rd2 Ne2+ 26. Kh2 Bh6 27. Rdd1 Rxc1 28. Rxc1 Nxc1 29.
g3 Re2 30. Kg2 Rxc2 31. Nd4 Ra2 32. Kf3 Nd3 33. h4 f5 34. h5 Kf7 35. hxg6+ hxg6 36. g4 Ne5+ 0-1

[Event "Live Chess"]
[Site "Chess.com"]
[Date "2023.05.21"]
[Round "-"]
[White "Greenbecker"]
[Black "GEMdzq"]
[Result "0-1"]
[WhiteElo "1684"]
[BlackElo "2261"]
[TimeControl "300"]
[EndTime "5:39:11 PDT"]
[Termination "GEMdzq won by checkmate"]

1. e4 d6 2. d4 Nf6 3. Nc3 g6 4.
Nf3 Bg7 5. Bc4 O-O 6. O-O c6 7.
e5 Ne8 8. Bf4 b5 9. Bd3 Na6 10.
Ne4 Nac7 11. exd6 Nxd6 12. Re1 Nd5 13. Be5 f6 14. Bg3 Bg4 15. h3 Bh5 16. Nc5 Nc7 17. Qe2 Bxf3 18. Qxf3 Nd5 19. Ne6 Qd7 20. Nxf8 Rxf8 21.
a4 a6 22. axb5 axb5 23. Be4 Nxe4 24. Qxe4 f5 25. Qe6+ Qxe6 26. Rxe6 Bxd4 27. c3 Bf6 28. Rxc6 f4 29. Bh2 b4 30. Rd1 bxc3 31. bxc3 Nxc3 32. Re1 g5 33. h4 h6 34. hxg5 hxg5 35. Kf1 Ra8 36.
Rc1 Ra3 37. f3 Kf7 38. Bg1 Nd5 39. R6c5 e6 40. Bf2 Ra2 41. R5c2 Ra3 42. Rc4 Kg6 43. Rc6 Kf5 44. Re1 e5 45. g4+ fxg3 46. Bxg3 Rxf3+ 47. Kg2 e4 48. Rc5 Rd3 49. Rf1+ Kg4 50. Rxd5 Rxd5 51. Rxf6 e3 52. Be1 Rd1 53. Rf1 Ra1 54. Rg1 Ra2+ 55. Kf1+ Kf4 56. Bg3+ Kf3 57. Be1 e2# 0-1

[Event "Live Chess"]
[Site "Chess.com"]
[Date "2023.05.21"]
[Round "-"]
[White "NotHarryV"]
[Black "mattihelenius2"]
[Result "1-0"]
[WhiteElo "1505"]
[BlackElo "491"]
[TimeControl "300"]
[EndTime "5:39:17 PDT"]
[Termination "NotHarryV won by resignation"]

1. d4 d5 2. c4 c5 3. Nf3 dxc4 4.
e3 Bg4 5. Bxc4 cxd4 6. Qxd4 Qxd4 7. Nxd4 Nf6 8. Nc3 Nc6 9. Bb5 a6 10. Bxc6+ bxc6 11. Nxc6 Rc8 12. Ne5 Bf5 13. O-O Rc5 14. Nf3 Ne4 15. Nxe4 Bxe4 16. Nd4 e5 17. Nb3 Rc8 18.
Bd2 Bc5 19. Bc3 O-O 20. Nxc5 Rxc5 21. Bb4 Rcc8 22. Bxf8 Kxf8 23. Rac1 g6 24. Rxc8+ 1-0

[Event "Live Chess"]
[Site "Chess.com"]
[Date "2023.05.21"]
[Round "-"]
[White "AMCWAML"]
[Black "gmnorfolk"]
[Result "0-1"]
[WhiteElo "2313"]
[BlackElo "2141"]
[TimeControl "300"]
[EndTime "5:39:28 PDT"]
[Termination "gmnorfolk won by checkmate"]

1. c4 e5 2. g3 Nf6 3. Nc3 c6 4. d4 e4 5. Bg2 d5 6. a3 h6 7. h4 Be7 8. Nh3 Nbd7 9. cxd5 cxd5 10. Nf4 Nb6 11. Bd2 O-O 12. Rc1 Nc4 13. Qb3 Nxd2 14. Kxd2 Be6 15. Rhd1 Bd6 16. Nh3 Qd7 17. Ng1 Ng4 18. Ke1 e3 19. f4 g5 20. hxg5 hxg5 21. Bxd5 gxf4 22. Bxe6 fxe6 23. Ne4 fxg3 24. Nf3 g2 25.
Neg5 Bg3# 0-1